 Dungeon Crawl Stone Soup version 0.18.1-50-g88ac8fd (webtiles) character file.

88 lorenzova the Poker (level 4, -9/35 HPs)
             Began as a Merfolk Skald on Oct 18, 2016.
             Killed from afar by Natasha (11 damage)
             ... with a magic dart
             ... on level 2 of the Dungeon.
             The game lasted 00:02:18 (1815 turns).

lorenzova the Poker (Merfolk Skald)                 Turns: 1815, Time: 00:02:18

Health: -9/35      AC:  3    Str: 13    XL:     4   Next: 54%
Magic:  0/7        EV: 12    Int: 11    God:
Gold:   104        SH:  0    Dex: 13    Spells: 2 memorised, 4 levels left

rFire  . . .     SeeInvis .     a - +0 spear
rCold  . . .     Gourm    .     b - +0 leather armour
rNeg   . . .     Faith    .     (no shield)
rPois  .         Spirit   .     (no helmet)
rElec  .         Dismiss  .     (no cloak)
rCorr  .         Reflect  .     (no gloves)
SustAt .         Harm     .     (no boots)
MR     .....                    (no amulet)
Stlth  +.........               (no ring)
                                (no ring)

@: infused (expiring), not resistant to hostile enchantments, very unstealthy
A: change form in water, swift swim
a: no special abilities


You were on level 2 of the Dungeon.
You were not hungry.

You visited 1 branch of the dungeon, and saw 2 of its levels.

You collected 104 gold pieces.

Inventory:

Hand Weapons
 a - a +0 spear (weapon)
Armour
 b - a +0 leather armour (worn)
Jewellery
 i - an uncursed ring of magical power {unknown}
 o - an uncursed ring of magical power {unknown}
Scrolls
 e - 3 scrolls of identify {unknown}
 f - 3 scrolls of remove curse {unknown}
 m - 2 scrolls of enchant weapon {unknown}
Potions
 h - 2 potions of curing {unknown}
 j - a potion of invisibility {unknown}
 k - a potion of lignification {unknown}
 l - a potion of degeneration {unknown}
Books
 c - a book of Battle

   Spells                             Type                      Level
   a - Infusion                       Charms                       1
   b - Shroud of Golubria             Charms/Translocation         2
   c - Song of Slaying                Charms                       2
   d - Spectral Weapon                Hexes/Charms                 3
   e - Regeneration                   Charms/Necromancy            3
Comestibles
 d - 3 bread rations
 g - a meat ration


   Skills:
 + Level 3.4 Fighting
 + Level 4.8 Polearms
 - Level 0.6 Armour
 + Level 3.0 Dodging
 - Level 2.0 Spellcasting
 - Level 3.2 Charms


You had 4 spell levels left.
You knew the following spells:

 Your Spells              Type           Power        Failure   Level  Hunger
a - Infusion              Chrm           #...         12%         1    ##.....
b - Song of Slaying       Chrm           #.......     17%         2    ###....


Dungeon Overview and Level Annotations

Branches:
Dungeon (2/15)

Altars:
Vehumet

Annotations:
D:2 Natasha


Message History

Natasha growls.
Natasha closely misses you.
You hit Natasha.
Natasha is almost dead.
The kobold hits you with a short sword. The white imp gestures at you.
The puff of frost hits you! Natasha claws you!
You barely miss Natasha.
Natasha is almost dead.
The kobold barely misses you. The white imp hits you.
The white imp freezes you.
* * * LOW HITPOINT WARNING * * *
Natasha claws you.
* * * LOW HITPOINT WARNING * * *
You hit Natasha but do no damage.
Natasha is almost dead.
The kobold hits you but does no damage. The white imp misses you.
Natasha stares at you and mumbles some strange words.
The magic dart hits you!
You die...

####+#.#.# .#.
#......#.##.#.
#......#.....
+............ .
#......#..#.# .#.#..
#......#..#.##.#.#..
#.....5#..#.##.#......
+....!h@........>.....
#.....K#..#......#....
#......#..#..#.#....#.
#.....................
###........†...#..#.##
#....#..#..#........
#....#..#...........
#....#..#..#........
.......#..#........


You could see Natasha, a white imp and a kobold.

Vanquished Creatures
  A gnoll (D:1)
  4 adders (D:2)
  4 dart slugs
  A giant gecko (D:2)
  2 giant cockroaches (D:2)
  A goblin (D:2)
  5 hobgoblins
  3 jackals (D:1)
  A ball python (D:1)
  3 bats (D:1)
  2 giant newts
  4 kobolds
  8 rats
39 creatures vanquished.

Vanquished Creatures (others)
  A bat (D:1)
1 creature vanquished.

Grand Total: 40 creatures vanquished

Notes
Turn   | Place    | Note
--------------------------------------------------------------
     0 | D:1      | lorenzova the Merfolk Skald began the quest for the Orb.
     0 | D:1      | Reached XP level 1. HP: 16/16 MP: 3/3
   143 | D:1      | Reached XP level 2. HP: 15/23 MP: 0/5
   207 | D:1      | Learned a level 2 spell: Song of Slaying
   763 | D:1      | Reached XP level 3. HP: 14/28 MP: 0/6
  1073 | D:1      | Reached skill level 4 in Polearms
  1370 | D:2      | Reached XP level 4. HP: 13/35 MP: 3/7
  1665 | D:2      | Found a radiant altar of Vehumet.
  1804 | D:2      | Noticed Natasha
  1815 | D:2      | Killed from afar by Natasha

Skill      XL: |  1  2  3  4 |
---------------+-------------+-----
Dodging        | 2 3 |  3.0
Polearms       | 4 |  4.8
Fighting       | 3 |  3.4
Armour         | |  0.6
Spellcasting   | |  2.0
Charms         | |  3.2

Action                   |  1- 3 |  4- 6 || total
-------------------------+-------+-------++-------
Melee: Spear             |   132 |    54 ||   186
 Cast: Infusion          |     4 |     2 ||     6
 Stab: Distracted        |     1 |       ||     1
       Sleeping          |     1 |       ||     1
  Eat: Chunk             |     2 |     1 ||     3
Armor: Leather armour    |    31 |    13 ||    44
Dodge: Dodged            |    59 |    29 ||    88
